cohdb
Replays
Latest Replays
All Replays
Popular Replays
Top Player Replays
Match Explorer
How It Works
Community
CoH3 Stats
Reddit
Sign in to upload your games and track your stats! →
Sign in with Steam
Match 43949315
Unlisted
Match 43949315
Overview
Messages
Build Orders
End
Panzergrenadier Squad
250 Light Carrier
Panzergrenadier Squad
Construct Light Support Kompanie
Combat Half-tracks
250 Light Carrier
Construct Mechanized Kompanie
Panzerjäger Mechanized Group
Selects Italian Infantry
Selects Defensive Operations
Selects Territory Booby Traps
Construct Panzerarmee Kommand
Veteran Squad Leaders
Panzer III L Medium Tank
A Rather Splendid Cromwell
MZMZ
BLACK.DRAGON
jerjawe
srubert83
Alekel
NoX
tylerbishop1055
0
0
Comments
sign in to comment!
No comments posted yet!